 Dungeon Crawl Stone Soup version 0.31-a0-426-g3a05650e59 (webtiles) character file.

Game seed: 6638699266447917898

19 Flugkiller the Ruffian (level 2, -6/16 HPs)
             Began as a Vine Stalker Shapeshifter on July 30, 2023.
             Killed from afar by Sigmund (8 damage)
             ... with a puff of flame
             ... on level 2 of the Dungeon.
             The game lasted 00:00:45 (844 turns).

Flugkiller the Ruffian (Vine Stalker Shapeshifter)   Turns: 844, Time: 00:00:45

Health: -6/16      AC:  8    Str: 17    XL:     2   Next: 75%
Magic:  0/3        EV:  7    Int:  8    God:
Gold:   34         SH:  0    Dex: 14    Spells: 1/1 levels left

rFire   . .          .
                       - Unarmed
rCold   . . .        (no shield)
rNeg    . . .        h - +0 chain mail
rPois   .            (helmet currently unavailable)
rElec   .            (cloak currently unavailable)
rCorr   .            (gloves currently unavailable)
SInv    .            (boots currently unavailable)
Will    .....        (no amulet) Stlth
                     (no ring)
HPRegen 0.22/turn    (no ring)
MPRegen 0.08/turn

%: guardian spirit
@: beast-form
A: beast (slay +2), fangs 2, magic shield, antimagic bite, no potion heal 2
a: Begin Untransformation


You were on level 2 of the Dungeon.
You were a hulking beast.
You visited 1 branch of the dungeon, and saw 2 of its levels.

You collected 34 gold pieces.

Inventory:

Armour
 a - a +0 animal skin
 d - a +2 kite shield
   (You found it on level 1 of the Dungeon)
 h - a +0 chain mail (worn)
   (You found it on level 1 of the Dungeon)
Jewellery
 e - a ring of ice
   (You found it on level 1 of the Dungeon)
Talismans
 c - a beast talisman (active)
Scrolls
 g - a scroll of fog
 i - a scroll of enchant weapon {unknown}
Potions
 b - a potion of lignification


   Skills:
 + Level 2.3 Fighting
 - Level 1.5 Dodging
 - Level 3.0 Unarmed Combat
 - Level 3.0 Shapeshifting


You had one spell level left.
You didn't know any spells.
Your spell library was empty.

Dungeon Overview and Level Annotations

Branches:
Dungeon (2/15) Zot: 11156

Altars:

Annotations:
D:2 Sigmund


Innate Abilities, Weirdness & Mutations

You are a hulking beast.
Your limbs bulge with bestial killing power. (Slay +2)
You have extremely sharp teeth.
When hurt, damage is shared between your health and your magic reserves.
Your bite disrupts and absorbs the magic of your enemies.
Potions cannot restore your health.


Message History

A goblin is nearby!
A goblin is nearby!
The goblin hits you but does no damage.
You hit the goblin.
You kill the goblin!
No target in view!
No target in view!
No target in view!
No target in view!
No target in view!
No target in view!
No target in view!
You now have 22 gold pieces (gained 14).
You now have 34 gold pieces (gained 12).
Found a stone staircase leading down.
A hobgoblin comes into view.
The hobgoblin shouts!
A hobgoblin is nearby!
You hit the hobgoblin but do no damage. Your bite misses the hobgoblin.
The hobgoblin hits you.
An endoplasm comes into view.
The endoplasm quivers.
You hit the hobgoblin. You bite the hobgoblin.
You kill the hobgoblin!
There is a stone staircase leading down here.
The endoplasm freezes you.
You are frozen.
You punch the endoplasm!
You kill the endoplasm!
No target in view!
No target in view!
No target in view!
No target in view!
No target in view!
Found a whip.
Found a stone staircase leading down.
i - a scroll labelled IRGHETHO DASERI No target in view!
No target in view!
No target in view!
No target in view!
No target in view!
You enter the shallow water.
Moving in this stuff is going to be slow.
You enter the shallow water.
Moving in this stuff is going to be slow.
Things that are here:
a +0 club; a +0 club
f - 2 scrolls labelled REHOUT YZAODOE (gained 1)
j - 2 golden potions You see here a ball python skeleton.
Found a spear.
Found a stone staircase leading down.
Done exploring.
Done exploring.
Done exploring.
(D) Dungeon
Where to? (? - help)
There is a stone staircase leading down here.
You climb downwards.
There is a stone staircase leading up here.
Unknown command.
As you read the scroll labelled REHOUT YZAODOE, it crumbles to dust.
It is a scroll of identify.
g - a scroll of fog;
r - a scroll of identify
As you read the scroll of identify, it crumbles to dust.
j - 2 potions of degeneration You drop 2 potions of degeneration.
A hobgoblin comes into view.
The hobgoblin shouts!
A hobgoblin is nearby!
You closely miss the hobgoblin. You hit the hobgoblin.
Your bite misses the hobgoblin.
The hobgoblin is severely wounded.
The hobgoblin hits you but does no damage.
You barely miss the hobgoblin.
You bite the hobgoblin, but do no damage.
The hobgoblin is severely wounded.
The hobgoblin barely misses you.
You hit the hobgoblin.
You kill the hobgoblin!
No target in view!
No target in view!
No target in view!
No target in view!
Sigmund the Dreaded comes into view.
He is wielding a +0 scythe.
Found a scroll labelled ERHADA REIBISO.
Sigmund points at you and mumbles some strange words.
The puff of flame hits you.
Sigmund is nearby!
Sigmund is nearby!
Sigmund points at you and mumbles some strange words.
The puff of flame hits you!
Ouch! That really hurt!
* * * LOW HITPOINT WARNING * * *
Sigmund giggles. "Time to reap what you sow."
Sigmund gestures at you while chanting. The puff of flame hits you!
Ouch! That really hurt!
You die...

#? #.# #.
#.# #. #.#
#.###.##
#########
#...@..#
#........
#####..#
#.########.#
#..#
#...<......#
#..#
#.##########
#.h###.#
#......#
##.###.#
#.....#
#######


You could see Sigmund.

Vanquished Creatures
  4 endoplasms (D:1)
  3 goblins (D:1)
  3 hobgoblins
  2 quokkas (D:1)
  A ball python (D:1)
  2 kobolds (D:1)
  2 rats (D:1)
17 creatures vanquished.

Notes
Turn   | Place    | Note
-------+----------+-------------------------------------------
     0 | D:1      | Flugkiller the Vine Stalker Shapeshifter began the quest
                  | for the Orb.
     0 | D:1      | Reached XP level 1. HP: 9/9 MP: 2/2
    63 | D:1      | Reached skill level 1 in Fighting
   106 | D:1      | Reached XP level 2. HP: 6/15 MP: 1/3
   838 | D:2      | Noticed Sigmund
   844 | D:2      | Killed from afar by Sigmund

Illustrated notes

Levels and vault maps discovered:
D:1:      spicycebolla_green_bress_n_ham_2, layout_basic, minmay_misc_feat_tower
D:2:      layout_loops_ring, nicolae_grassy_gnolls, uniq_sigmund

Skill      XL: |  1  2 |
---------------+-------+-----
Fighting       | 1 2 |  2.3
Dodging        | |  1.5
Unarmed Combat | |  3.0
Shapeshifting  | |  3.0

Action                     || total
---------------------------++-------
  Melee: Unarmed           ||    38
         Bite              ||     7
    Use: Scroll            ||     2
   Stab: Sleeping          ||     1
 Armour: Chain mail        ||     8
         Animal skin       ||     4
  Dodge: Dodged            ||    12

Table legend: (Time is in decaauts)
 A = Elapsed time spent in this place.
 B = Non-inter-level travel time spent in this place.
 C = Inter-level travel time spent in this place.
 D = Time resting spent in this place.
 E = Time spent auto-exploring this place.
 F = Levels seen in this place.
 G = Mean time per level.
                   A        B        C        D        E       F      G
               +--------+--------+--------+--------+--------+-----+--------+
         Total |    842 |    833 |      9 |     61 |    647 |   2 |  421.0 |
       Dungeon |    842 |    833 |      9 |     61 |    647 |   2 |  421.0 |
               +--------+--------+--------+--------+--------+-----+--------+

Top non-repeatable levels by time:
     D:1: 809 daAuts
     D:2: 33 daAuts
